Map: 亚历山大港 - 天梯版

Players

Lobo - Winner!

  • Race: Protoss Protoss

StriKE

  • Race: Terran Terran
  • League: Grandmaster

Event: WESG 2018 Grand Finals

VOD

Have the link to the VOD?

Description

Time

  • Played on: March 11, 2019, 12:16 a.m.
  • Length: 11:48

All games in this series

Show
View Real Time Build Order
Export as new Build Order

Lobo Protoss - Winner!

Build Orders: 1 Gate Expand 

Get SALT Encoding   

  12  0:00  Probe  
  13  0:13  Probe  
  14  0:19  Pylon  
  14  0:25  Probe  
  15  0:34  Probe  
  15  0:37  Gateway  
  16  0:42  Probe  
  16  0:48  Assimilator  
  17  0:51  Probe  
  18  1:03  Probe  
  19  1:15  Probe  
  20  1:26  Cybernetics Core  
  20  1:36  Nexus  
  20  1:42  Pylon  
  20  1:45  Probe  
  21  1:52  Assimilator  
  21  1:54  Adept  
  21  1:57  Probe  
  22  2:04  Warp Gate  
  24  2:09  Probe  
  24  2:14  Stalker  
  25  2:21  Probe  
  28  2:43  Robotics Facility  
  28  2:44  Stalker  
  30  3:01  Gateway  
  30  3:02  Gateway  
  30  3:03  Probe x2  
  32  3:15  Stalker, Probe  
  32  3:16  Probe  
  36  3:21  Warp Prism  
  36  3:33  Probe x2  
  40  3:38  Pylon  
  40  3:45  Probe x2  
  42  3:58  Stalker x2  
  42  3:59  Stalker  
  48  4:13  Pylon, Probe x2, Observer  
  49  4:27  Stalker x2, Pylon  
  51  4:50  Stalker x3  
  55  4:57  Probe x2  
  57  5:01  Twilight Council  
  57  5:09  Probe x2  
  59  5:20  Observer  
  60  5:21  Probe  
  60  5:22  Probe, Blink  
  60  5:23  Assimilator  
  60  5:24  Forge  
  60  5:25  Assimilator  
  60  5:28  Gateway x2  
  62  5:31  Gateway  
  62  5:36  Probe x2  
  62  5:50  Protoss Ground Weapons Level 1  
  62  5:55  Probe x2  
  58  6:01  Immortal  
  62  6:05  Pylon x2  
  60  6:17  Stalker x3  
  66  6:22  Probe x2  
  68  6:34  Probe  
  68  6:39  Templar Archives  
  69  6:40  Probe  
  69  6:44  Nexus  
  69  6:45  Pylon  
  69  6:46  Probe  
  71  6:51  Zealot x2  
  71  6:52  Zealot x2  
  79  6:56  Pylon  
  79  6:57  Probe  
  80  7:02  Sentry  
  80  7:06  Immortal  
  86  7:11  Charge  
  86  7:18  High Templar  
  88  7:24  Probe x2  
  90  7:33  Zealot x2  
  90  7:34  Zealot x2, High Templar  
  100  7:39  Psionic Storm  
  100  7:40  Protoss Ground Armor Level 1  
  100  7:44  Probe x2  
  102  7:46  Gateway  
  102  7:47  Gateway  
  102  7:55  Pylon x2  
  102  7:58  Pylon  
  102  8:02  Probe  
  102  8:03  Probe  
  102  8:04  Probe  
  105  8:24  Zealot  
  105  8:25  Zealot x5  
  117  8:34  Gateway  
  117  8:36  Gateway  
  117  8:43  High Templar x2  
  117  8:45  Probe x3  
  117  8:48  Assimilator  
  124  8:50  Zealot x5  
  134  9:10  Stalker x3  
  140  9:24  Pylon  
  140  9:25  Pylon  
  140  9:27  Pylon  
  140  9:37  Nexus  
  140  9:38  Pylon  
  134  9:41  Warp Prism  
  116  9:57  Stalker x5  
  116  9:58  Stalker  
  126  10:08  Zealot  
  126  10:09  Zealot x3  
  115  10:21  Zealot x2  
  115  10:22  Stalker x2, Zealot x2  
  109  10:43  Stalker x4  
  117  10:56  Probe x2  
  119  11:01  Probe  
  120  11:08  Probe x2  
  122  11:13  Pylon  
  122  11:22  Stalker x3, Zealot x3  
  110  11:35  Archon  
  110  11:36  Archon  
  100  11:41  Zealot  
  100  11:43  Zealot x3  
Show
View Real Time Build Order
Export as new Build Order

StriKE Terran 

Build Orders: Gas First Reaper Expand 

Get SALT Encoding   

  12  0:01  SCV  
  13  0:13  SCV  
  14  0:18  Supply Depot  
  14  0:25  SCV  
  15  0:32  Refinery  
  15  0:39  SCV  
  16  0:45  Barracks  
  16  0:52  SCV  
  17  1:04  SCV  
  18  1:16  SCV  
  19  1:32  Orbital Command  
  19  1:34  Reaper  
  20  1:48  Command Center  
  20  1:59  SCV  
  21  2:01  Factory  
  21  2:08  Barracks Reactor  
  21  2:11  SCV  
  22  2:17  Refinery  
  22  2:18  Supply Depot  
  22  2:23  SCV  
  23  2:40  SCV  
  24  2:44  Marine  
  24  2:45  Marine, Widow Mine  
  28  2:51  Starport  
  28  2:54  SCV  
  29  3:01  Orbital Command  
  29  3:02  Marine x2  
  31  3:06  SCV  
  31  3:07  Factory Tech Lab  
  30  3:20  Marine  
  31  3:36  Marine  
  31  3:38  Marine  
  33  3:42  Raven  
  33  3:46  Factory Tech Lab, SCV, Command Center  
  36  3:53  Bunker  
  36  3:54  SCV  
  37  3:59  Marine  
  37  4:00  Marine  
  39  4:03  SCV  
  39  4:08  Siege Tank  
  43  4:10  SCV  
  43  4:15  Supply Depot  
  46  4:30  SCV x2  
  46  4:42  Siege Tank  
  46  4:43  Marauder  
  43  4:57  SCV  
  44  5:04  Marauder  
  44  5:07  Orbital Command  
  44  5:09  SCV  
  44  5:13  Supply Depot  
  45  5:22  Siege Tank  
  45  5:25  Marine  
  49  5:29  Barracks  
  49  5:30  Barracks  
  49  5:38  Supply Depot  
  49  5:39  SCV  
  50  5:44  Marauder  
  50  5:47  Orbital Command  
  51  5:51  SCV  
  54  5:58  Stimpack  
  54  5:59  Starport Reactor  
  54  6:03  SCV  
  52  6:15  Marauder, SCV  
  52  6:17  SCV  
  56  6:20  SCV  
  56  6:23  Factory Reactor  
  57  6:27  SCV  
  57  6:29  Marine x2, SCV  
  61  6:35  Engineering Bay  
  61  6:36  SCV  
  62  6:40  Marauder  
  64  6:49  Marauder, Combat Shield  
  64  6:50  Medivac  
  64  6:51  Medivac  
  64  6:53  SCV  
  71  6:55  SCV  
  71  6:56  SCV  
  71  7:00  Supply Depot  
  73  7:02  Supply Depot  
  73  7:09  SCV  
  73  7:10  Missile Turret  
  73  7:11  Terran Infantry Weapons Level 1  
  73  7:13  Refinery  
  73  7:14  Refinery  
  74  7:17  Marauder, Marine  
  74  7:21  Marauder, Marine  
  80  7:24  Supply Depot  
  80  7:25  Supply Depot  
  80  7:28  SCV  
  79  7:35  Supply Depot  
  79  7:36  SCV  
  80  7:37  Missile Turret  
  80  7:38  Engineering Bay  
  80  7:44  Barracks  
  80  7:45  Barracks, Marauder, Marine, SCV, Supply Depot  
  80  7:46  Medivac, SCV  
  80  7:48  Marauder  
  80  7:50  SCV  
  90  7:57  Marine  
  91  8:04  Terran Infantry Armor Level 1  
  91  8:10  Ghost Academy, Marauder  
  91  8:11  Widow Mine  
  91  8:12  Widow Mine, SCV  
  98  8:29  Marine  
  98  8:30  Marauder  
  98  8:31  Marauder  
  98  8:33  Marine  
  104  8:34  Barracks Reactor, Barracks Tech Lab  
  104  8:36  Armory  
  104  8:39  Supply Depot  
  104  8:40  Supply Depot  
  104  8:45  Orbital Command  
  103  8:51  Marauder  
  103  8:57  SCV x2  
  105  9:05  Ghost  
  105  9:07  Supply Depot  
  105  9:09  SCV x2, Supply Depot  
  109  9:15  Marauder, Marine  
  109  9:16  Marine  
  109  9:17  Medivac x2, Marauder  
  115  9:18  Widow Mine  
  115  9:21  SCV x2  
  115  9:22  SCV  
  124  9:28  Terran Infantry Weapons Level 2  
  123  9:33  Marine  
  123  9:35  Marauder  
  106  9:47  Marauder, Marine x2  
  106  9:48  Marauder  
  106  9:52  Marine  
  101  9:55  Marine  
  101  9:56  Marauder  
  101  9:58  Liberator  
  105  10:05  Marine  
  104  10:08  Ghost x2  
  107  10:14  Marine  
  107  10:18  Marauder  
  102  10:44  Marine  
  102  10:45  Marauder  
  102  10:48  Marauder, Marine x4  
  111  11:02  Marine  
  111  11:06  Marauder  
  111  11:10  Marauder, Marine  
Tags
 
Add a new tag
Caveats
  • Supply blocks, unpowered buildings, or Contaminate may cause inaccurate times.
  • Supply counts are checked every 10 seconds.